AoeStats
← Tanana

Socotra

504064169Analyzed
4v4 RM · 28d ago on Sep 3, 2026· 21m 0s· 8 players
Game mode
Random Map
Map size
148×148
Population
200
Speed
Normal
Resources
Standard
Victory
Conquest
Starting age
Dark Age
Ending age
Imperial Age
RankedLock teamsTeams togetherTeam positionsShared explorationLock speedFull tech treeHidden civsTurbo modeCheats
Victory
Defeat
🇭🇰 Magyars · Hong Kong SAR China
1463
+10
🇹🇼 Koreans · Taiwan
1447
+11
🇨🇳 Persians · China
1409
+12
🇲🇽 Japanese · Mexico
1369
+14
🇩🇪 Ethiopians · Germany
1342
-12
🇩🇪 Franks · Germany
1324
-12
🇩🇪 Magyars · Germany
1324
-12
🇩🇪 Muisca · Germany
1319
-11
逸丶然
5:21 Loom
8:35 Feudal Age
9:49 Double-Bit Axe
10:06 Horse Collar
16:47 Wheelbarrow
20:42 Castle Age
18:55 Gold Mining
19:55 Bloodlines
19:52 Scale Barding Armor
20:32 Forging
21:35 Husbandry
BroJob
6:56 Loom
9:26 Feudal Age
15:13 Fletching
kenny yip
6:08 Loom
9:07 Feudal Age
9:56 Double-Bit Axe
11:33 Horse Collar
16:00 Scale Barding Armor
17:44 Bloodlines
19:16 Wheelbarrow
kazumakine
6:22 Loom
8:59 Feudal Age
9:02 Man-at-Arms
10:12 Double-Bit Axe
10:59 Arson
17:25 Town Watch
19:48 Fletching
19:59 Padded Archer Armor
Fürst Zono
6:43 Loom
9:11 Feudal Age
10:37 Double-Bit Axe
15:04 Fletching
I still hate Goths
5:48 Loom
8:53 Feudal Age
9:27 Double-Bit Axe
17:11 Horse Collar
Tanana
7:05 Loom
8:51 Feudal Age
10:30 Double-Bit Axe
17:43 Scale Barding Armor
I still love Koreans
5:02 Loom
9:26 Feudal Age
10:42 Double-Bit Axe
11:12 Horse Collar
15:21 Fletching
17:59 Padded Archer Armor
Connection lost

Rejoining the realm…

Still unreachable

The connection could not be restored.

Session expired

The server has moved on; the page needs a fresh start.